 Dungeon Crawl Stone Soup version 0.23.2-1-ga50397a (webtiles) character file.

Game seed: 6390679264681473779

2564 GuyDeFluk the Skirmisher (level 9, 0/96 HPs)
             Began as a Troll Berserker on Apr 29, 2019.
             Was an Elder of Trog.
             Succumbed to a killer bee's poison
             ... on level 6 of the Dungeon.
             The game lasted 00:30:57 (4254 turns).

GuyDeFluk the Skirmisher (Troll Berserker)          Turns: 4254, Time: 00:30:58

Health: 0/96       AC:  9    Str: 27    XL:     9   Next: 31%
Magic:  8/8        EV: 12    Int:  4    God:    Trog [****..]
Gold:   456        SH:  5    Dex: 11    Spells: 8/8 levels left

rFire    . . .     SeeInvis .     - Unarmed
rCold    . . .     Gourm    +   (no shield)
rNeg     . . .     Faith    .   a - +1 animal skin
rPois    .         Spirit   .   (helmet restricted)
rElec    .         Reflect  +   (no cloak)
rCorr    .         Harm     .   (gloves unavailable)
MR       .....                  (boots unavailable)
Stlth    +.........             h - +5 amulet of reflection
HPRegen  0.66/turn              e - +2 ring of protection
MPRegen  0.11/turn              (no ring)

@: lethally poisoned (0 -> -17), berserk cooldown, slowed, very slow
A: large, unfitting armour, claws 3, fast metabolism 3, gourmand, regeneration
1, shaggy fur 1, tough skin 3
a: Berserk, Trog's Hand, Brothers in Arms, Renounce Religion


You were on level 6 of the Dungeon.
You worshipped Trog.
Trog was greatly pleased with you.
You were very full.

You visited 1 branch of the dungeon, and saw 7 of its levels.

You collected 456 gold pieces.

Inventory:

Hand Weapons
 q - a +0 giant club
Armour
 a - a +1 animal skin (worn)
Jewellery
 e - a +2 ring of protection (left claw)
 h - a +5 amulet of reflection (around neck)
 l - an uncursed amulet of the acrobat
Scrolls
 c - 2 scrolls of noise
 d - 4 scrolls of remove curse
 f - 2 scrolls of teleportation
 s - a scroll of enchant weapon
 v - a scroll of enchant armour
Potions
 g - a potion of agility
 i - a potion of might {unknown}
 j - 2 potions of resistance
 m - a potion of heal wounds
 n - 2 potions of lignification
 o - 3 potions of curing
 p - a potion of magic {unknown}
 r - 2 potions of haste
 t - 2 potions of cancellation
Comestibles
 b - 5 rations


   Skills:
 * Level 7.9 Fighting
 + Level 5.8 Dodging
 + Level 7.0 Unarmed Combat


You had 8 spell levels left.
You didn't know any spells.
Your spell library was empty.

Dungeon Overview and Level Annotations

Branches:
Dungeon (7/15)             Temple (0/1) D:5

Altars:
Makhleb


Innate Abilities, Weirdness & Mutations

You are too large for most types of armour.
You have claws for hands.
Your metabolism is lightning-fast.
You like to eat raw meat.
Your natural rate of healing is unusually fast.
You are covered in fur. (AC +1)
You have extremely tough skin. (AC +3)


Message History

The killer bee barely misses you.
* * * LOW HITPOINT WARNING * * *
You feel sick.
You feel a strong urge to attack something.
* * * LOW HITPOINT WARNING * * *
You feel sick.
You are no longer berserk.
You are exhausted.
You feel yourself slow down.
* * * LOW HITPOINT WARNING * * *
You feel sick. You block the killer bee's attack.
* * * LOW HITPOINT WARNING * * *
You feel very sick. The killer bee stings you.
* * * LOW HITPOINT WARNING * * *
You are more poisoned.
The killer bee poisons you!
You completely miss the killer bee.
The killer bee is severely wounded.
You die...

*##8...8,,.8##* ##
####.....,,,.#### .#
#.#_.....,,,.>#.# .#
#.##.....,,,,##.#### ###
.#####.#*8,,,8,,,8*#....##### #..
.+.....#***8***8***#....#...# #.#
.#.#################....#.#.###.#
.#.##............y......#.#.#...#
...('...........@y...>......#.###
##.##...........#####.........###
##(##...........# ###.#<#.......#
...##...........# #.............#
....#...........# #.########....#
....########....# #.............#
.....# #######'## #..######.....#
...#.###....##.# #..........####
...#..##....##.# #...####...#


You could see 2 killer bees.

Vanquished Creatures
  Prince Ribbit (D:6)
  Grinder (D:6)
  Eustachio (D:6)
  2 ice beasts
  A phantom (D:5)
  A black bear (D:6)
  2 sky beasts
  An ogre (D:4)
  A centaur (D:6)
  A scorpion (D:5)
  5 wights (D:6)
  2 killer bees (D:6)
  A howler monkey (D:4)
  A bullfrog zombie (D:5)
  A centaur zombie (D:6)
  2 crimson imps
  5 orc priests
  5 hounds
  4 orc wizards
  An iguana (D:4)
  5 worker ants
  A killer bee zombie (D:5)
  A hound zombie (D:5)
  A hound skeleton (D:5)
  A worker ant zombie (D:5)
  11 adders
  A shadow imp (D:5)
  An ooze (D:3)
  5 worms
  3 dart slugs
  6 leopard geckos
  18 orcs
  3 bats
  A giant cockroach (D:6)
  6 goblins
  4 hobgoblins
  7 jackals
  A ball python (D:4)
  7 frilled lizards
  3 kobolds
  A leopard gecko skeleton (D:5)
  7 rats
133 creatures vanquished.

Notes
Turn   | Place    | Note
-------+----------+-------------------------------------------
     0 | D:1      | GuyDeFluk the Troll Berserker began the quest for the Orb.
     0 | D:1      | Reached XP level 1. HP: 22/22 MP: 0/0
   180 | D:1      | Reached XP level 2. HP: 26/29 MP: 1/1
  1024 | D:2      | Reached XP level 3. HP: 37/37 MP: 2/2
  1095 | D:2      | Reached ** piety under Trog
  1549 | D:2      | Reached XP level 4. HP: 45/45 MP: 3/3
  1741 | D:3      | Reached XP level 5. HP: 54/54 MP: 4/4
  2240 | D:4      | Reached *** piety under Trog
  2246 | D:4      | Reached XP level 6. HP: 57/62 MP: 5/5
  2780 | D:4      | Reached skill level 5 in Fighting
  2780 | D:4      | Reached XP level 7. HP: 66/72 MP: 6/6
  2883 | D:5      | Entered Level 5 of the Dungeon
  2900 | D:5      | Reached skill level 5 in Unarmed Combat
  3047 | D:5      | Reached **** piety under Trog
  3047 | D:5      | Reached XP level 8. HP: 65/83 MP: 7/7
  3393 | D:5      | Found a staircase to the Ecumenical Temple.
  3526 | D:6      | Reached skill level 5 in Dodging
  3634 | D:6      | Noticed Prince Ribbit
  3643 | D:6      | Killed Prince Ribbit
  3690 | D:6      | Noticed Grinder
  3708 | D:6      | Killed Grinder
  3708 | D:6      | Reached XP level 9. HP: 93/93 MP: 8/8
  3817 | D:6      | Noticed Eustachio
  3825 | D:6      | Killed Eustachio
  4107 | D:6      | Found a burning altar of Makhleb.
  4253 | D:6      | HP: 3/96 [killer bee (2)]
  4254 | D:6      | Succumbed to a killer bee's poison

Skill      XL: |  1  2  3  4  5  6  7  8  9 |
---------------+----------------------------+-----
Fighting       | 3 4 5 6 7 |  7.9
Dodging        | 3 4 5 |  5.8
Unarmed Combat | 4 5 6 7 |  7.0

Action                   |  1- 3 |  4- 6 |  7- 9 || total
-------------------------+-------+-------+-------++-------
Melee: Unarmed           |    76 |   118 |   169 ||   363
       Punch             |       |     4 |     5 ||     9
Invok: Berserk           |     1 |     1 |     3 ||     5
       Trog's Hand       |       |       |     2 ||     2
  Use: Scroll            |     6 |     4 |     9 ||    19
 Stab: Sleeping          |       |     2 |       ||     2
  Eat: Chunk             |    20 |    13 |    15 ||    48
Armor: Animal skin       |    21 |    37 |    55 ||   113
Dodge: Dodged            |    33 |    41 |   108 ||   182
Block: Other             |     6 |    19 |    36 ||    61
       Reflection        |     1 |       |       ||     1
